 Dungeon Crawl Stone Soup version 0.20.1-1-g8b1a95d (webtiles) character file.

64075 tidbits the Martial Artist (level 14, -6/116 HPs)
             Began as a Demigod Transmuter on Aug 20, 2017.
             Mangled by a death yak (29 damage)
             ... on level 5 of the Lair of Beasts.
             The game lasted 01:22:36 (8320 turns).

tidbits the Martial Artist (Demigod Transmuter)     Turns: 8320, Time: 01:22:36

Health: -6/116     AC:  5    Str: 13    XL:     14   Next: 32%
Magic:  17/28      EV: 20    Int: 25    God:
Gold:   402        SH:  4    Dex: 18    Spells: 14/26 levels left

rFire    + . .     SeeInvis .     - Unarmed
rCold    . . .     Gourm    .   (shield currently unavailable)
rNeg     . . .     Faith    .   B - +0 robe
rPois    .         Spirit   .   E - +0 helmet
rElec    .         Reflect  .   (no cloak)
rCorr    .         Harm     .   (gloves currently unavailable)
MR       +....                  (no boots)
Stlth    +.........             R - amulet of regeneration
Regen    0.7/turn               V - ring of protection from fire
MPRegen  0.3/turn               (no ring)

@: blade hands, singing (expiring)
A: hooves 1, iridescent scales 1, large bone plates 1, agile 1, high mp 1
a: End Transformation


You were on level 5 of the Lair of Beasts.
You were not hungry.
You had blades for hands.
You visited 2 branches of the dungeon, and saw 16 of its levels.

You collected 910 gold pieces.
You spent 508 gold pieces at shops.

Inventory:

Hand Weapons
 a - a +2 whip of electrocution (melded)
   (You took it off a kobold on level 1 of the Dungeon)
Missiles
 b - 8 javelins
 e - 18 stones (quivered)
 k - 32 arrows
 S - a throwing net {!f}
Armour
 x - a +0 buckler
 B - a +0 robe (worn)
 E - a +0 helmet (worn)
 G - a +1 pair of gloves (melded)
Magical Staves
 g - an uncursed staff of death {unknown}
   (You found it on level 5 of the Lair of Beasts)
Jewellery
 z - an uncursed ring of fire
   (You found it on level 5 of the Dungeon)
 Q - an uncursed amulet of harm {unknown}
   (You found it on level 9 of the Dungeon)
 R - an amulet of regeneration (around neck)
   (You found it on level 6 of the Dungeon)
 V - a ring of protection from fire (left scythe-like blade)
   (You found it on level 3 of the Lair of Beasts)
Wands
 d - a wand of digging (4/24)
 i - a wand of paralysis (14/24)
 l - a wand of lightning (4/15)
 v - a wand of paralysis (11/24)
 A - a wand of iceblast (10/15)
 C - a wand of iceblast (2/15)
 D - a wand of flame (26/48)
 F - a wand of polymorph (13/24)
 J - a wand of flame (19/48)
Scrolls
 r - 9 scrolls of remove curse
 s - 2 scrolls of teleportation
 y - 2 scrolls of fog
 K - a scroll of recharging
 P - a scroll of fear
 T - a scroll of brand weapon {unknown}
 X - a scroll of magic mapping {unknown}
 Y - a scroll of amnesia
Potions
 f - 6 potions of curing
 h - 3 potions of might
 j - 2 potions of flight
 m - 4 potions of ambrosia
 n - a potion of invisibility
 o - 3 potions of brilliance
 p - 2 potions of mutation {!q}
 q - 3 potions of haste
 t - a potion of resistance
 w - 5 potions of lignification
 L - 2 potions of agility
 M - a potion of berserk rage
 N - a potion of cancellation
 O - a potion of magic
Books
 c - a book of Changes

   Spells                             Type                      Level
   a - Beastly Appendage              Transmutation                1
   b - Sticks to Snakes               Transmutation                2
   c - Spider Form                    Transmutation/Poison         3
   d - Ice Form                       Ice/Transmutation            4
   e - Blade Hands                    Transmutation                5
 I - a book of Minor Magic
   (You found it on level 7 of the Dungeon)

   Spells                             Type                      Level
   a - Magic Dart                     Conjuration                  1
   b - Blink                          Translocation                2
   c - Call Imp                       Summoning                    2
   d - Slow                           Hexes                        2
   e - Conjure Flame                  Conjuration/Fire             3
   f - Mephitic Cloud                 Conjuration/Poison/Air       3
Miscellaneous
 U - a lamp of fire
Comestibles
 u - 11 bread rations
 W - 6 fruits
 Z - 11 chunks of flesh


   Skills:
 - Level 8.9 Fighting
 + Level 10.1 Dodging
 - Level 12.1 Unarmed Combat
 - Level 6.5 Spellcasting
 - Level 3.8 Charms
 - Level 2.2 Translocations
 - Level 10.1 Transmutations


You had 14 spell levels left.
You knew the following spells:

 Your Spells              Type           Power        Failure   Level  Hunger
b - Blink                 Tloc           N/A          30%         2    None
e - Beastly Appendage     Tmut           ######       7%          1    None
h - Blade Hands           Tmut           ######....   26%         5    #####..
k - Sticks to Snakes      Tmut           ######..     8%          2    None
y - Song of Slaying       Chrm           ####....     22%         2    None


Dungeon Overview and Level Annotations

Branches:
Dungeon (10/15)            Temple (0/1) D:4            Lair (6/6) D:9
  Swamp (0/4) Lair:4        Snake (0/4) Lair:4        Slime (0/5) Lair:5
    Orc: D:9-12

Shops:
D:5 =}   D:9 %!

Annotations:
D:6 exclusion: oklob plant
D:10 Gastronok, Psyche


Innate Abilities, Weirdness & Mutations

You have an increased reservoir of magic. (+10% MP)
You have large cloven feet.
You are partially covered in iridescent scales. (AC +2)
You are partially covered in large bone plates. (SH +4)
You are agile. (Dex +2)


Message History

You hit the death yak. Your kick misses the death yak.
The death yak is lightly wounded.
You hear a bellow!
The death yak gores you!
You slash the death yak! You kick the death yak.
The death yak is lightly wounded.
You hear a bellow!
The death yak gores you!
You shred the death yak!!!
The death yak is severely wounded.
You hear a bellow!
You hit the death yak but do no damage.
You kick the death yak, but do no damage.
The death yak is severely wounded.
The death yak gores you!!
You hit the death yak. You kick the death yak.
The death yak is severely wounded.
The death yak gores you!
* * * LOW HITPOINT WARNING * * *
You slash the death yak!
The death yak is severely wounded.
The death yak misses you.
You slice the death yak!!
You kill the death yak!
Casting: Blade Hands
Confirm with . or Enter, or press ? or * to list all spells.
You create 2 snakes!
You now have 34 arrows.
The death yak closely misses your adder.
The death yak gores you!
* * * LOW HITPOINT WARNING * * *
You slice the death yak!! Your kick misses the death yak.
The death yak is moderately wounded.
Your water moccasin bites the death yak.
Your adder barely misses the death yak.
The death yak gores your adder!!
Your adder dies!
You slice the death yak!!
You kick the death yak, but do no damage.
The death yak is almost dead.
The death yak gores you!
* * * LOW HITPOINT WARNING * * *
Your water moccasin bites the death yak.
The death yak is poisoned.
Your water moccasin poisons the death yak!
You slice the death yak!!
You kill the death yak!
Your Dodging skill increases to level 10!
Casting: Sticks to Snakes
Confirm with . or Enter, or press ? or * to list all spells.
You create a snake!
You now have 33 arrows.
The death yak gores your water moccasin!!
Your water moccasin bites the death yak!
The death yak gores the fungus!
Casting: Sticks to Snakes
Confirm with . or Enter, or press ? or * to list all spells.
You fail to create any snakes.
Your water moccasin barely misses the death yak.
The death yak gores the fungus!
The death yak barely misses your water moccasin.
Your adder bites the death yak.
Your water moccasin barely misses the death yak.
Unknown command.
The death yak gores your adder!!
Your adder dies!
The death yak gores your water moccasin!!
Your water moccasin dies!
The death yak gores the fungus!!
The fungus is destroyed!
You slice the death yak!!
You kick the death yak, but do no damage.
Your slash misses the death yak.
The death yak is heavily wounded.
The death yak gores you!
* * * LOW HITPOINT WARNING * * *
You hit the death yak.
The death yak is heavily wounded.
Your song is almost over.
The death yak gores you!
* * * LOW HITPOINT WARNING * * *
The death yak gores the fungus.
You hit the death yak. You kick the death yak.
The death yak is severely wounded.
The death yak gores you!
* * * LOW HITPOINT WARNING * * *
You slash the death yak! Your kick misses the death yak.
You slash the death yak!
The death yak is almost dead.
The death yak gores the fungus!
You hit the death yak but do no damage.
The death yak is almost dead.
The death yak gores you!
* * * LOW HITPOINT WARNING * * *
The death yak gores the fungus!
You feel much better. The death yak closely misses you.
The death yak gores the fungus.
You shred the death yak!!!
You kill the death yak!
Casting: Sticks to Snakes
Confirm with . or Enter, or press ? or * to list all spells.
You create a snake!
You now have 32 arrows.
The death yak gores you!!
You die...

.....(.......P≈♣♣≈≈P..
..............≈P≈≈≈P..
.............≈PPP≈....
...............P.....
..................##
.................#.#
....>.......[.S...#
#.............PY###
.....(........##@#
..............####
%P...........##
............##
..........#. ...#


You could see a death yak and a friendly adder.

Vanquished Creatures
  A queen ant (Lair:2)
  4 death yaks (Lair:5)
  3 elephants (Lair:3)
  A black mamba (Lair:2)
  3 spiny frogs
  A rime drake (Lair:2)
  A torpor snail (Lair:3)
  3 komodo dragons
  2 polar bears
  2 hippogriffs (Lair:1)
  3 blink frogs (Lair:1)
  Grinder (D:3)
  A spriggan (D:7)
  2 wyverns
  27 yaks
  A hungry ghost (D:10)
  A basilisk (Lair:5)
  A steam dragon (Lair:3)
  17 soldier ants (Lair:2)
  A swamp worm (Lair:4)
  6 nagas (Lair:4)
  14 water moccasins
  10 porcupines
  3 sky beasts
  2 orc warriors
  An ice beast (D:10)
  3 phantoms
  4 ogres
  4 centaurs
  6 wolves (Lair:4)
  5 crocodiles
  17 bullfrogs
  6 killer bees (D:9)
  8 wights
  A howler monkey (D:9)
  A crimson imp (D:7)
  A centaur zombie (D:7)
  4 orc priests
  8 orc wizards
  A centaur skeleton (D:9)
  2 hounds
  2 bullfrog skeletons
  A gnoll shaman (D:7)
  2 iguanas
  23 worker ants
  7 gnolls
  10 adders
  2 shadow imps
  An ooze (D:3)
  An adder skeleton (D:5)
  3 worms
  A dart slug (D:1)
  A leopard gecko (D:3)
  19 orcs
  A ball python (D:3)
  3 bats
  2 giant cockroaches
  4 goblins
  5 hobgoblins
  7 jackals
  9 kobolds
  2 quokkas
  5 frilled lizards
  2 jackal skeletons
  2 quokka skeletons
  3 rats
  17 plants (Lair:3)
318 creatures vanquished.

Vanquished Creatures (collateral kills)
  A hydra (Lair:3)
  A black mamba (Lair:1)
  A spiny frog (Lair:3)
  A blink frog (Lair:1)
  A hippogriff (Lair:2)
  6 yaks
  A basilisk (Lair:3)
  2 soldier ants (Lair:2)
  A sky beast (D:4)
  2 bullfrogs
  A wight (D:8)
  A crimson imp (D:9)
  2 worker ants (Lair:2)
  2 gnolls (D:7)
  A worm (D:5)
  5 orcs
  A goblin (D:1)
  A hobgoblin (D:1)
  2 kobolds
  2 frilled lizards
35 creatures vanquished.

Vanquished Creatures (others)
  3 fungi
  A plant (Lair:1)
4 creatures vanquished.

Grand Total: 357 creatures vanquished

Notes
Turn   | Place    | Note
-------+----------+-------------------------------------------
     0 | D:1      | tidbits the Demigod Transmuter began the quest for the Orb.
     0 | D:1      | Reached XP level 1. HP: 15/15 MP: 5/5
    36 | D:1      | Reached skill level 3 in Unarmed Combat
   110 | D:1      | Reached XP level 2. HP: 18/22 MP: 5/7
   114 | D:1      | Learned a level 2 spell: Sticks to Snakes
   203 | D:2      | Found a stormy altar of Qazlal.
   498 | D:2      | HP: 1/22 [orc/flail (8)]
   587 | D:2      | Reached XP level 3. HP: 9/27 MP: 4/8
   589 | D:2      | Found a faded altar of an unknown god.
   704 | D:1      | Reached skill level 2 in Spellcasting
   724 | D:1      | Learned a level 3 spell: Spider Form
   826 | D:1      | Reached skill level 1 in Fighting
   826 | D:1      | Reached skill level 2 in Dodging
   925 | D:3      | Reached XP level 4. HP: 28/35 MP: 9/9
  1367 | D:3      | Noticed Grinder
  1376 | D:3      | Found a shadowy altar of Dithmenos.
  1381 | D:3      | Killed Grinder
  1381 | D:3      | Reached skill level 3 in Fighting
  1381 | D:3      | Reached skill level 3 in Dodging
  1381 | D:3      | Reached XP level 5. HP: 34/45 MP: 4/10
  1415 | D:3      | Found a bloodstained altar of Trog.
  1674 | D:4      | Noticed a sky beast
  1687 | D:4      | Killed a sky beast
  1687 | D:4      | Reached skill level 4 in Dodging
  1687 | D:4      | Reached XP level 6. HP: 11/51 MP: 4/11
  1841 | D:5      | Entered Level 5 of the Dungeon
  1863 | D:5      | Reached skill level 4 in Fighting
  1991 | D:4      | Found a staircase to the Ecumenical Temple.
  2019 | D:4      | Reached skill level 5 in Dodging
  2019 | D:4      | Reached XP level 7. HP: 48/59 MP: 10/13
  2161 | D:5      | Found Ecympol's Quality Used Wands.
  2187 | D:5      | Bought a wand of digging (0/24) for 112 gold pieces
  2354 | D:6      | Found an iron altar of Okawaru.
  2455 | D:6      | Reached skill level 5 in Fighting
  2535 | D:6      | Reached skill level 4 in Unarmed Combat
  2540 | D:6      | Identified Tuze's Volume of Supportive Augmentations
  2664 | D:7      | HP: 6/61 [worker ant (6)]
  2666 | D:7      | HP: 1/61 [worker ant (5)]
  2723 | D:6      | Reached skill level 5 in Unarmed Combat
  2735 | D:6      | Found a white marble altar of Elyvilon.
  2744 | D:6      | Noticed an oklob plant
  3074 | D:5      | Found Musm's Jewellery Boutique.
  3105 | D:5      | Found a shattered altar of Ashenzari.
  3138 | D:5      | Reached XP level 8. HP: 34/68 MP: 9/14
  3231 | D:5      | Found a stormy altar of Qazlal.
  3400 | D:6      | Reached skill level 6 in Unarmed Combat
  3584 | D:7      | Reached skill level 7 in Unarmed Combat
  3622 | D:7      | Reached skill level 2 in Transmutations
  3636 | D:7      | Reached skill level 3 in Transmutations
  3743 | D:6      | Reached skill level 4 in Transmutations
  3955 | D:8      | Found an opulent altar of Gozag.
  4002 | D:8      | Gained mutation: You tend to lose your temper in combat. [potion of mutation]
  4002 | D:8      | Gained mutation: You are agile. (Dex +2) [potion of mutation]
  4002 | D:8      | Gained mutation: You have a beak for a mouth. [potion of mutation]
  4017 | D:8      | Reached skill level 5 in Transmutations
  4075 | D:7      | Reached XP level 9. HP: 74/74 MP: 12/15
  4184 | D:8      | Reached skill level 6 in Transmutations
  4185 | D:8      | Lost mutation: You tend to lose your temper in combat. [potion of mutation]
  4185 | D:8      | Lost mutation: You are agile. (Dex +2) [potion of mutation]
  4185 | D:8      | Lost mutation: You have a beak for a mouth. [potion of mutation]
  4185 | D:8      | Gained mutation: You are partially covered in large bone plates. (SH +4) [potion of mutation]
  4185 | D:8      | Gained mutation: You have large cloven feet. [potion of mutation]
  4185 | D:8      | Gained mutation: You are agile. (Dex +2) [potion of mutation]
  4185 | D:8      | Gained mutation: You are partially covered in iridescent scales. (AC +2) [potion of mutation]
  4463 | D:9      | Found Wyuvidgh's Food Boutique.
  4469 | D:9      | Reached skill level 7 in Transmutations
  4501 | D:9      | Reached skill level 8 in Unarmed Combat
  4532 | D:9      | Found a staircase to the Lair.
  4581 | D:9      | Found Ismyr's Distillery.
  4597 | D:9      | Reached skill level 9 in Unarmed Combat
  4607 | D:9      | Bought a potion of heal wounds for 55 gold pieces
  4607 | D:9      | Bought a potion of haste for 110 gold pieces
  4607 | D:9      | Bought a potion of berserk rage for 55 gold pieces
  4607 | D:9      | Bought a potion of cancellation for 88 gold pieces
  4607 | D:9      | Bought a potion of magic for 88 gold pieces
  4613 | D:9      | Learned a level 5 spell: Blade Hands
  4839 | D:10     | Entered Level 10 of the Dungeon
  4894 | D:9      | Reached XP level 10. HP: 64/81 MP: 12/16
  5007 | D:10     | Noticed Gastronok
  5103 | D:9      | Found a sacrificial altar of Ru.
  5150 | D:9      | Reached skill level 10 in Unarmed Combat
  5457 | Lair:1   | Entered Level 1 of the Lair of Beasts
  5489 | Lair:1   | Reached skill level 8 in Transmutations
  5533 | Lair:1   | Noticed a black mamba
  5541 | Lair:1   | Killed a black mamba
  5541 | Lair:1   | Reached skill level 3 in Spellcasting
  5805 | Lair:1   | Reached skill level 4 in Spellcasting
  5831 | Lair:1   | Reached skill level 9 in Transmutations
  5833 | Lair:1   | HP: 7/81 [blink frog (8)]
  5850 | Lair:1   | HP: 1/81 [yak (14)]
  5863 | Lair:1   | Reached skill level 5 in Spellcasting
  5863 | Lair:1   | Reached XP level 11. HP: 19/86 MP: 15/22
  6069 | Lair:2   | Learned a level 2 spell: Song of Slaying
  6080 | Lair:2   | Noticed a queen ant
  6091 | Lair:2   | Killed a queen ant
  6091 | Lair:2   | Reached skill level 10 in Transmutations
  6095 | Lair:2   | Reached skill level 6 in Spellcasting
  6122 | Lair:2   | Reached skill level 1 in Charms
  6150 | Lair:2   | Reached skill level 2 in Charms
  6205 | Lair:2   | Reached skill level 3 in Charms
  6311 | Lair:2   | Learned a level 2 spell: Blink
  6353 | Lair:2   | Reached skill level 1 in Translocations
  6383 | Lair:3   | Reached skill level 2 in Translocations
  6519 | D:10     | Noticed Psyche
  6810 | Lair:4   | Reached skill level 6 in Dodging
  6989 | Lair:4   | Found a staircase to the Snake Pit.
  7187 | Lair:3   | Reached skill level 6 in Fighting
  7313 | Lair:3   | Reached XP level 12. HP: 76/96 MP: 16/26
  7444 | Lair:3   | Noticed a seven-headed hydra
  7475 | Lair:3   | Killed a seven-headed hydra
  7561 | Lair:3   | Reached skill level 7 in Dodging
  7730 | Lair:3   | Reached skill level 8 in Fighting
  7730 | Lair:3   | Reached skill level 8 in Dodging
  7730 | Lair:3   | Reached skill level 11 in Unarmed Combat
  7730 | Lair:3   | Reached XP level 13. HP: 107/107 MP: 24/27
  7731 | Lair:3   | Reached skill level 9 in Dodging
  7731 | Lair:3   | Reached skill level 12 in Unarmed Combat
  7731 | Lair:3   | Reached XP level 14. HP: 116/116 MP: 24/28
  7732 | Lair:3   | 2 !exp potions
  7978 | Lair:4   | Found a staircase to the Swamp.
  8033 | Lair:6   | Entered Level 6 of the Lair of Beasts
  8276 | Lair:5   | Found a staircase to the Slime Pits.
  8308 | Lair:5   | Reached skill level 10 in Dodging
  8315 | Lair:5   | HP: 11/116 [death yak (10)]
  8317 | Lair:5   | HP: 3/116 [death yak (9)]
  8320 | Lair:5   | Mangled by a death yak

Skill      XL: |  1  2  3  4  5  6  7  8  9 10 11 12 13 14 |
---------------+-------------------------------------------+-----
Unarmed Combat | 3 5 7 9 10 11 12 | 12.1
Spellcasting   | 2 5 6 |  6.5
Fighting       | 1 3 4 5 6 8 |  8.9
Dodging        | 2 3 4 5 6 8 9 10 | 10.1
Transmutations | 5 7 9 10 | 10.1
Charms         | 3 |  3.8
Translocations | 2 |  2.2

Action                   |  1- 3 |  4- 6 |  7- 9 | 10-12 | 13-15 || total
-------------------------+-------+-------+-------+-------+-------++-------
Melee: Unarmed           |    60 |    18 |   241 |   430 |    82 ||   831
       Kick              |    20 |       |     1 |   147 |    29 ||   197
       Punch             |     2 |     1 |     8 |    23 |     6 ||    40
       Whip              |    16 |    78 |   149 |    64 |     3 ||   310
       Peck              |       |       |     2 |       |       ||     2
Throw: Stone             |       |       |     1 |       |       ||     1
 Cast: Beastly Appendage |    15 |       |       |       |       ||    15
       Sticks to Snakes  |    14 |    19 |    42 |    47 |     7 ||   129
       Spider Form       |       |     3 |    30 |     7 |       ||    40
       Blade Hands       |       |       |       |    36 |     9 ||    45
       Song of Slaying   |       |       |       |     8 |     2 ||    10
 Abil: End Transformatio |       |       |       |     2 |       ||     2
Evoke: Wand              |       |       |     1 |       |       ||     1
  Use: Scroll            |       |     3 |    10 |    10 |     3 ||    26
       Potion            |       |       |     3 |     3 |     2 ||     8
 Stab: Sleeping          |     1 |       |     1 |       |       ||     2
       Distracted        |       |     2 |     5 |     6 |       ||    13
  Eat: Chunk             |     1 |     4 |     9 |    20 |     2 ||    36
       Royal jelly       |       |     1 |     1 |     1 |       ||     3
       Meat ration       |       |       |     1 |       |     1 ||     2
       Fruit             |       |       |     1 |       |       ||     1
Armor: Robe              |    11 |    16 |    13 |    22 |     1 ||    63
       Skin              |       |       |     6 |     1 |       ||     7
Dodge: Dodged            |    43 |    74 |   293 |   271 |    44 ||   725
Block: Other             |       |       |     1 |    42 |     9 ||    52

Table legend:
 A = Turns spent in this place as a percentage of turns spent in the entire game.
 B = Non-inter-level travel turns spent in this place as a percentage of non-inter-level travel turns spent in the entire game.
 C = Inter-level travel turns spent in this place as a percentage of turns spent in this place.
 D = Turns resting spent in this place as a percentage of non-inter-level travel turns spent in this place.
 E = Turns spent auto-exploring this place as a percentage of non-inter-level travel turns spent in this place.
 F = Non-inter-level travel turns spent in this place divided by the number of levels of this place that you've seen.
                   A       B       C       D       E      F
               +-------+-------+-------+-------+-------+----------------------
         Total | 100.0 | 100.0 |   0.1 |   0.0 |   0.0 | 514.1
       Dungeon |  66.3 |  66.3 |   0.1 |   0.0 |   0.0 | 545.7
          Lair |  33.7 |  33.7 |   0.1 |   0.0 |   0.0 | 461.5
               +-------+-------+-------+-------+-------+----------------------

Table legend:
 A = Kills in this place as a percentage of kills in entire the game.
 B = Kills by you in this place as a percentage of kills by you in the entire game.
 C = Kills by friends in this place as a percentage of kills by friends in the entire game.
 D = Other kills in this place as a percentage of other kills in the entire game.
 E = Experience gained in this place as a percentage of experience gained in the entire game.
 F = Experience gained in this place divided by the number of levels of this place that you have seen.
                   A       B       C       D       E      F
               +-------+-------+-------+-------+-------+----------------------
         Total | 100.0 | 100.0 | 100.0 |  -nan | 100.0 | 2249.6
       Dungeon |  56.8 |  56.8 |  57.1 |  -nan |  23.5 | 846.0
          Lair |  43.2 |  43.2 |  42.9 |  -nan |  76.5 | 4589.0
               +-------+-------+-------+-------+-------+----------------------

Vault maps used:
D:1:      dpeg_arrival_arbitrary_a
D:2:      minmay_kobold_bridge, chequers_ecumenical_altar_simple,
          grunt_qazlal_clouds
D:3:      lemuel_crystal_altar, grunt_dithmenos_smoke, first_bread, bloody_trog,
          uniq_grinder
D:4:      minmay_temple_entry_grid, kennysheep_nub, kennysheep_generic_room_7
D:5:      lemuel_coloured_pillars_altar, kennysheep_mini, serial_shops, shop,
          nicolae_for_you_no_charge
D:6:      lemuel_crystal_altar, lemuel_round_altar, lemuel_oklob_altar
D:7:      overflow_temple_1_default, the_bakery
D:8:      nicolae_gozag_cash_rules_everything_around_me, lightli_temple_of_fire
D:9:      lemuel_doored_altar, lair_entry_dummy, serial_shops, shop,
          nicolae_shop_statue_plus, grunt_ministairs_2
D:10:     uniq_fannar, uniq_psyche, uniq_gastronok, uniq_nergalle
Lair:1:   serial_bayou_shore_a, grunt_megastairs_3
Lair:2:   minivault_29
Lair:3:   wad_woods_structure_01
Lair:4:   minmay_swamp_entry_worms, minmay_snake_entry_guardpost_medium
Lair:5:   slime_dummy, st_stairs_4, serial_bayou_pond_c, grunt_megastairs_2
Lair:6:   grunt_lair_end_beastmaster, grunt_megastairs_5
